[Event "*** Titled Tuesday Blitz"]
[Site "Chess.com"]
[Date "2020.05.12"]
[Round "10"]
[White "okriak"]
[Black "MiroVlasenko"]
[Result "0-1"]
[WhiteElo "2773"]
[BlackElo "2625"]
[TimeControl "180+1"]
[EndTime "11:51:35 PDT"]
[Termination "MiroVlasenko won by resignation"]

1. Nf3 Nc6 2. e4 d6 3. d4 Nf6 4. d5 Ne5 5. Nxe5 dxe5 6. Bd3 e6 7. c4 exd5 8. cxd5 Bc5 9. O-O O-O 10. Nc3 a6 11.
Kh1 Ng4 12. Qf3 Qh4 13. h3 Nxf2+ 14. Kh2 g6 15. Bd2 Ng4+ 16. Kh1 Nf2+ 17. Kh2 Nxd3 18. Qxd3 f5 19. Be3 Bd6 20. Bf2 Qe7 21. Kh1 f4 22. a3 g5 23. Kg1 h5 24. Rfc1 g4 25.
Kf1 Qg5 26. hxg4 hxg4 27. Ke1 g3 28. Bg1 Bg4 29. Kd2 Kg7 30. Kc2 Rh8 31. b4 Rh1 32.
Bc5 Rxc1+ 33. Rxc1 Rh8 34. Qc4 Qe7 35. Bg1 f3 36.
gxf3 Bxf3 37. Kb3 Rf8 38. Qd3 Qh4 39. Na4 Qxe4 40. Qd2 Qxd5+ 0-1

[Event "*** Titled Tuesday Blitz"]
[Site "Chess.com"]
[Date "2020.05.12"]
[Round "10"]
[White "scabies1"]
[Black "Boudicca64"]
[Result "1-0"]
[WhiteElo "2192"]
[BlackElo "2022"]
[TimeControl "180+1"]
[EndTime "11:51:35 PDT"]
[Termination "scabies1 won by resignation"]

1. e4 c5 2. Nf3 e6 3. d4 cxd4 4. Nxd4 Nf6 5. Nc3 Nc6 6. Nxc6 bxc6 7. Bd3 d5 8. O-O Bb4 9. e5 Nd7 10. Qg4 g6 11. Qxb4 Nxe5 12. Re1 Qf6 13. Qd6 Nd7 14. Qxc6 Rb8 15. Nxd5 Qg5 16. Bxg5 1-0

[Event "*** Titled Tuesday Blitz"]
[Site "Chess.com"]
[Date "2020.05.12"]
[Round "10"]
[White "Matalon"]
[Black "Sanyura"]
[Result "0-1"]
[WhiteElo "2356"]
[BlackElo "2495"]
[TimeControl "180+1"]
[EndTime "11:51:36 PDT"]
[Termination "Sanyura won by resignation"]

1. e4 c5 2. Nf3 e6 3. d4 cxd4 4. Nxd4 Nf6 5. Nc3 Nc6 6. Ndb5 Bc5 7. Bf4 O-O 8. Bd6 Bxd6 9. Nxd6 a6 10. Qd2 b5 11. f3 b4 12. Na4 Qa5 13. b3 Qe5 14. Rd1 Ne8 15. Nb6 Nxd6 16. Nxa8 Nb5 17. Bxb5 Qxb5 18.
Qd6 a5 19. Nc7 Qb6 20. Rd3 f6 21. Nd5 exd5 22. exd5 Re8+ 23. Kd1 Ba6 24. dxc6 Bxd3 25. cxd7 Bxc2+ 26. Kxc2 Re2+ 27. Kd1 Qxd6+ 28. Kxe2 Qxd7 0-1

[Event "*** Titled Tuesday Blitz"]
[Site "Chess.com"]
[Date "2020.05.12"]
[Round "10"]
[White "BikingBrian"]
[Black "Sesleria"]
[Result "1-0"]
[WhiteElo "2217"]
[BlackElo "1978"]
[TimeControl "180+1"]
[EndTime "11:51:36 PDT"]
[Termination "BikingBrian won by resignation"]

1. d4 d5 2. Bf4 c5 3. e3 Nc6 4. Nc3 Bf5 5. Nb5 Rc8 6. Bd3 Bxd3 7. Qxd3 e6 8. Nf3 a6 9. Nc3 Nge7 10. O-O Ng6 11. Bg3 h5 12. h3 h4 13. Bh2 Bd6 14. dxc5 Bxc5 15. e4 dxe4 16. Qxe4 O-O 17. Rad1 Qf6 18.
Na4 Nce7 19. Nxc5 Rxc5 20. c3 Nc6 21. Bd6 Rf5 22. Bxf8 Kxf8 23. Rd7 Kg8 24. Rxb7 Kh7 25. Qxc6 1-0

[Event "*** Titled Tuesday Blitz"]
[Site "Chess.com"]
[Date "2020.05.12"]
[Round "10"]
[White "Azatic"]
[Black "2346PL"]
[Result "1-0"]
[WhiteElo "2587"]
[BlackElo "2470"]
[TimeControl "180+1"]
[EndTime "11:51:37 PDT"]
[Termination "Azatic won by resignation"]

1. e4 c5 2. Nf3 Nf6 3. e5 Nd5 4.
Nc3 e6 5. Nxd5 exd5 6. c3 d6 7. d4 dxe5 8. Nxe5 Nc6 9. Bb5 Bd7 10. Nxd7 Qxd7 11. O-O Be7 12. dxc5 O-O-O 13. Be3 g5 14. Qa4 f5 15. Bd4 Rhe8 16. Bxc6 bxc6 17. Rfe1 Qb7 18. b4 Kd7 19. Rad1 g4 20. g3 Bg5 21. Rxe8 Rxe8 22.
c4 Ke6 23. cxd5+ Kf7 24. dxc6 Qe7 25. Qb3+ Kg6 26. Be3 Bxe3 27. Qxe3 Qf7 28. Rd6+ Kg7 29. Qg5+ Kh8 30. Qf6+ Qxf6 31. Rxf6 1-0

[Event "*** Titled Tuesday Blitz"]
[Site "Chess.com"]
[Date "2020.05.12"]
[Round "10"]
[White "realmadridtv"]
[Black "lupta_robin"]
[Result "0-1"]
[WhiteElo "2470"]
[BlackElo "2587"]
[TimeControl "180+1"]
[EndTime "11:51:45 PDT"]
[Termination "lupta_robin won by resignation"]

1. d4 d5 2. c4 Nc6 3. Nf3 Bg4 4.
e3 e5 5. cxd5 Qxd5 6. Nc3 Bb4 7.
Bd2 Bxc3 8. bxc3 e4 9. h3 exf3 10. hxg4 fxg2 11. Bxg2 Qxg2 12. Ke2 Qxg4+ 13. f3 Qg2+ 14.
Kd3 Qg6+ 15. e4 O-O-O 16. Rb1 Ne5+ 17. Ke3 Nc4+ 18. Kf2 Nxd2 19. Qxd2 Ne7 20. d5 f5 21. Qb2 b6 22. Qa3 fxe4 23. Qxe7 Rhf8 24. Rbg1 Rxf3+ 25. Ke2 Qf5 26. Rxg7 Qf4 27. Qxd8+ Kxd8 28. Rg8+ Kd7 29. Rxh7+ Kd6 30. Rg6+ Kc5 31. Rc6+ Kxd5 0-1

[Event "*** Titled Tuesday Blitz"]
[Site "Chess.com"]
[Date "2020.05.12"]
[Round "10"]
[White "chessplayer9919"]
[Black "manmanlai1"]
[Result "1-0"]
[WhiteElo "2486"]
[BlackElo "2341"]
[TimeControl "180+1"]
[EndTime "11:51:45 PDT"]
[Termination "chessplayer9919 won by resignation"]

1. d4 d5 2. c4 e6 3. Nf3 Nf6 4. Nc3 Bb4 5. e3 O-O 6. Bd3 dxc4 7. Bxc4 c5 8. O-O a6 9. a3 Ba5 10. dxc5 Bxc3 11. bxc3 Qa5 12. Qb3 Qxc5 13. a4 Rd8 14.
Ba3 Qc7 15. Rfd1 Nc6 16. Bc5 Rxd1+ 17. Rxd1 Bd7 18. Bb6 Qc8 19. a5 Be8 20. Bd3 h6 21.
Nd2 Nd7 22. Nc4 Nce5 23. Nd6 Qc6 24. Be4 Nc5 25. Bxc6 Nxb3 26. Bxe8 1-0

[Event "*** Titled Tuesday Blitz"]
[Site "Chess.com"]
[Date "2020.05.12"]
[Round "10"]
[White "Loiacono_Antonio"]
[Black "YaWaleriy"]
[Result "0-1"]
[WhiteElo "2394"]
[BlackElo "2258"]
[TimeControl "180+1"]
[EndTime "11:51:47 PDT"]
[Termination "YaWaleriy won by resignation"]

1. e4 e6 2. d4 d5 3. Nc3 Nf6 4. e5 Nfd7 5. f4 c5 6. Nf3 Nc6 7. Be3 cxd4 8. Nxd4 Bc5 9. Qd2 O-O 10. O-O-O a6 11.
Qf2 Bxd4 12. Bxd4 b5 13. Be3 b4 14. Ne2 a5 15. Nd4 Qc7 16. Kb1 Ba6 17. Bd3 a4 18. h4 Rfc8 19. h5 b3 20. cxb3 Nxd4 21. Bxd4 axb3 22. axb3 Qa5 23. Bc3 Qa2+ 24. Kc2 Rxc3+ 25.
Kxc3 Rc8+ 26. Kd4 Qxb3 27. Ke3 Nc5 28. Qe2 d4+ 29. Kxd4 Rd8+ 30. Ke3 Bxd3 31. Qd2 Bc2+ 32. Qc3 Rxd1 0-1

[Event "*** Titled Tuesday Blitz"]
[Site "Chess.com"]
[Date "2020.05.12"]
[Round "10"]
[White "sergiochess83"]
[Black "jacky72"]
[Result "1-0"]
[WhiteElo "2816"]
[BlackElo "2653"]
[TimeControl "180+1"]
[EndTime "11:51:50 PDT"]
[Termination "sergiochess83 won by checkmate"]

1. e4 e5 2. Nf3 Nc6 3. Bb5 a6 4. Ba4 d6 5. O-O Bd7 6. c3 g6 7. d4 Bg7 8. Re1 Nf6 9. h3 O-O 10. Nbd2 Re8 11. d5 Ne7 12. Bxd7 Nxd7 13. c4 Rf8 14. Nf1 h6 15. b4 a5 16. bxa5 f5 17.
N3d2 Rxa5 18. a4 f4 19. Ba3 g5 20. Bb4 Ra6 21. a5 Nf6 22. c5 h5 23. cxd6 cxd6 24. Nh2 Qd7 25. Nc4 g4 26. hxg4 hxg4 27. Nb6 Qb5 28.
Bxd6 g3 29. Bxe7 gxh2+ 30. Kxh2 Rf7 31. d6 Nd7 32. Qd5 Qxd5 33. Nxd5 Bf8 34. Rec1 Kg7 35. Rc7 Nb8 36. Bxf8+ Kxf8 37. Rc8+ Kg7 38. Rxb8 Rxd6 39. Rb1 f3 40. R1xb7 Rh6+ 41. Kg1 Rg6 42. Rxf7+ Kxf7 43. Rb7+ Kf8 44. g3 Rg7 45. a6 Rg6 46. a7 Ra6 47. Rb8+ Kg7 48. a8=Q Rxa8 49. Rxa8 Kg6 50. Rf8 Kh5 51.
Rxf3 Kg4 52. Rf5 Kh3 53. Kh1 Kg4 54. Ne3+ Kh3 55. Rh5# 1-0

[Event "*** Titled Tuesday Blitz"]
[Site "Chess.com"]
[Date "2020.05.12"]
[Round "10"]
[White "Zarikovs1999"]
[Black "doons21"]
[Result "1/2-1/2"]
[WhiteElo "2402"]
[BlackElo "2524"]
[TimeControl "180+1"]
[EndTime "11:51:50 PDT"]
[Termination "Game drawn by repetition"]

1. Nf3 Nf6 2. c4 g6 3. Nc3 Bg7 4.
g3 O-O 5. Bg2 d6 6. O-O c6 7. d4 Bf5 8. b3 Ne4 9. Bb2 Nxc3 10.
Bxc3 Be4 11. Nd2 Bxg2 12. Kxg2 d5 13. Nf3 e6 14. Qd3 a5 15. e4 a4 16. Rfd1 Nd7 17. b4 Nf6 18. e5 dxc4 19. Qxc4 Nd5 20. a3 Qd7 21. Bb2 Rfc8 22. Rac1 h6 23. Nd2 Nb6 24.
Qc5 Qd5+ 25. Kg1 Nd7 26. Qc3 b6 27. Nc4 h5 28. Ne3 Qf3 29. Nc4 Qd5 30. Ne3 Qe4 31. Nc4 Qg4 32. Nd6 Rc7 33. Nb5 Rcc8 34. Nd6 Rc7 35. Nb5 Rcc8 36. Nd6 1/2-1/2

[Event "*** Titled Tuesday Blitz"]
[Site "Chess.com"]
[Date "2020.05.12"]
[Round "10"]
[White "chesslh19"]
[Black "chenrip"]
[Result "1/2-1/2"]
[WhiteElo "2193"]
[BlackElo "2317"]
[TimeControl "180+1"]
[EndTime "11:51:53 PDT"]
[Termination "Game drawn by agreement"]

1. e4 e6 2. d4 d5 3. Nd2 Nf6 4. e5 Nfd7 5. Bd3 c5 6. c3 Nc6 7.
Ne2 cxd4 8. cxd4 f6 9. exf6 Qxf6 10. Nf3 h6 11. O-O Bd6 12. Nc3 O-O 13. Be3 Nb6 14. Rc1 e5 15. dxe5 Nxe5 16. Nxe5 Qxe5 17. g3 Kh8 18. Nb5 Bh3 19. Re1 Qf6 20. Nxd6 Qxd6 21.
Qh5 Bd7 22. Qg6 Qxg6 23. Bxg6 Nc4 24. b3 Nxe3 25. Rxe3 Bf5 26. Bxf5 Rxf5 27. Re7 1/2-1/2

[Event "*** Titled Tuesday Blitz"]
[Site "Chess.com"]
[Date "2020.05.12"]
[Round "10"]
[White "Biranidun"]
[Black "Mfcyryd"]
[Result "0-1"]
[WhiteElo "2686"]
[BlackElo "2599"]
[TimeControl "180+1"]
[EndTime "11:51:54 PDT"]
[Termination "Mfcyryd won by resignation"]

1. e4 c6 2. d4 d5 3. e5 Bf5 4. Nf3 e6 5. Be2 h6 6. O-O Ne7 7. Bd2 Nd7 8. c3 g5 9. Na3 Bg7 10. Nc2 O-O 11. Ne3 f6 12. Nxf5 Nxf5 13. exf6 Nxf6 14.
Bd3 Ne4 15. Re1 Nfd6 16. Be3 Qe8 17. Nd2 Qf7 18. f3 Nf6 19. Qe2 Nh5 20. g3 Rae8 21. Qf2 a6 22. Nb3 e5 23. dxe5 Bxe5 24. Kg2 Nf6 25. Bc5 Nd7 26. Rxe5 Nxe5 27. Bxd6 Ng4 28.
Qd2 Qxf3+ 29. Kg1 Nf2 0-1

[Event "*** Titled Tuesday Blitz"]
[Site "Chess.com"]
[Date "2020.05.12"]
[Round "10"]
[White "AlanZhang"]
[Black "GM_LOADING"]
[Result "0-1"]
[WhiteElo "2167"]
[BlackElo "2431"]
[TimeControl "180+1"]
[EndTime "11:51:55 PDT"]
[Termination "GM_LOADING won on time"]

1. e4 a6 2. d4 h6 3. Nc3 a5 4. Bc4 c6 5. Qf3 e6 6. a4 d5 7. exd5 cxd5 8. Bb5+ Nc6 9. Bd2 Nf6 10. Nge2 Bd7 11.
O-O Bd6 12. Bf4 Qc7 13. Qg3 Bxf4 14. Nxf4 Nxd4 15. Qxg7 Qxf4 16. Qxh8+ Ke7 17. Qxa8 Ng4 18. g3 Nf3+ 19. Kg2 Nh4+ 20. Kh3 Qf5 21. Nxd5+ exd5 22. Bxd7 Qxd7 0-1

[Event "*** Titled Tuesday Blitz"]
[Site "Chess.com"]
[Date "2020.05.12"]
[Round "10"]
[White "Abund"]
[Black "Fusikk"]
[Result "0-1"]
[WhiteElo "2616"]
[BlackElo "2523"]
[TimeControl "180+1"]
[EndTime "11:51:57 PDT"]
[Termination "Fusikk won by checkmate"]

1. d4 e6 2. c4 Nf6 3. Nc3 Bb4 4. f3 c5 5. d5 d6 6. e4 O-O 7. Bd3 exd5 8. cxd5 Nh5 9. Ne2 f5 10. O-O f4 11. Bd2 Nd7 12. a3 Ba5 13. Rb1 Ne5 14. Be1 Qg5 15. Kh1 Rf6 16. g4 fxg3 17. Nxg3 Nf4 18. Bc2 c4 19. Bd2 Bb6 20. Nce2 Neg6 21. Qc1 Bh3 22. Nxf4 Nxf4 23. Ba4 Bg2# 0-1

[Event "*** Titled Tuesday Blitz"]
[Site "Chess.com"]
[Date "2020.05.12"]
[Round "10"]
[White "Rodalquilar"]
[Black "TengisChess"]
[Result "0-1"]
[WhiteElo "2607"]
[BlackElo "2522"]
[TimeControl "180+1"]
[EndTime "11:51:57 PDT"]
[Termination "TengisChess won by resignation"]

1. e4 c6 2. Nf3 d5 3. exd5 cxd5 4. Ne5 Nc6 5. Bb5 Bd7 6. Nxd7 Qxd7 7. d4 e6 8. O-O Bd6 9. c3 Nf6 10. Nd2 a6 11. Bd3 O-O 12. Nf3 b5 13. Re1 Rab8 14. Bg5 Be7 15. Bf4 Rb7 16. Ne5 Qc8 17. Qf3 Nxe5 18. dxe5 Nd7 19. Qh3 g6 20. Re3 Rd8 21. Rae1 Nc5 22. Bb1 d4 23. Rf3 dxc3 24. Rxc3 b4 25. Rf3 Rbd7 26. Bc2 Qc6 27. Be3 Nd3 28.
Rxf7 h5 29. Ba4 Nxe1 30. Bxc6 Rd1 31. Rf8+ Kxf8 32. Bh6+ Kf7 33. Kf1 Nf3+ 34. Ke2 Ng1+ 0-1

[Event "*** Titled Tuesday Blitz"]
[Site "Chess.com"]
[Date "2020.05.12"]
[Round "10"]
[White "Gevo1990"]
[Black "GM-2023"]
[Result "1-0"]
[WhiteElo "2596"]
[BlackElo "2067"]
[TimeControl "180+1"]
[EndTime "11:51:58 PDT"]
[Termination "Gevo1990 won on time"]

1. Nf3 Nf6 2. g3 g6 3. Bg2 Bg7 4. O-O O-O 5. d4 d5 6. c4 dxc4 7. Na3 c3 8. bxc3 c5 9. e3 Nc6 10. Nc4 Be6 11. Ncd2 Qa5 12. Bb2 Qb6 13. Ba3 cxd4 14.
cxd4 Qa6 15. Qc1 Rac8 16. Qb2 Na5 17. Rfc1 Nd5 18. Bf1 Qb6 19. Qxb6 Nxb6 20. Bxe7 Rfe8 21. Bc5 Bd5 22. Ne1 Na4 23. Bb5 Bc6 24. Bxa4 Bxa4 25. Bxa7 Nc6 26. Bc5 Ne7 27. Bxe7 Rxc1 28. Rxc1 Rxe7 29. Rc8+ Bf8 30. Nd3 Kg7 31. Nc5 Bc6 32.
Nc4 1-0

[Event "*** Titled Tuesday Blitz"]
[Site "Chess.com"]
[Date "2020.05.12"]
[Round "10"]
[White "BaMBoMaTTo"]
[Black "ezkybel"]
[Result "0-1"]
[WhiteElo "2638"]
[BlackElo "2543"]
[TimeControl "180+1"]
[EndTime "11:51:59 PDT"]
[Termination "ezkybel won by resignation"]

1. e4 e6 2. d4 d5 3. Nc3 Nf6 4. e5 Ne4 5. Nxe4 dxe4 6. Bc4 c5 7. d5 exd5 8. Qxd5 Qxd5 9. Bxd5 Nc6 10. Bf4 Bf5 11.
Bxc6+ bxc6 12. O-O-O Be7 13. Ne2 g5 14. Be3 h5 15. Nc3 O-O 16. Na4 Rfe8 17. Rhe1 Kg7 18. f3 Kg6 19. Bxc5 exf3 20. gxf3 Rad8 21. Rxd8 Bxd8 22. Bxa7 Bc7 23. Bd4 f6 24. Nc5 fxe5 25.
Bc3 g4 26. fxg4 hxg4 27. Re2 e4 28. Be1 Bd6 29. Nb3 Bf4+ 30. Bd2 e3 31. Be1 Be4 32. Bg3 Bg5 33. Nd4 Bf3 34. Re1 e2+ 35. Kb1 Bd2 0-1

[Event "*** Titled Tuesday Blitz"]
[Site "Chess.com"]
[Date "2020.05.12"]
[Round "10"]
[White "AnthonyWirig"]
[Black "przemekpiotrowski"]
[Result "1-0"]
[WhiteElo "2583"]
[BlackElo "2434"]
[TimeControl "180+1"]
[EndTime "11:51:59 PDT"]
[Termination "AnthonyWirig won by resignation"]

1. d4 c5 2. d5 e5 3. e4 d6 4. f4 exf4 5. Bxf4 Be7 6. Nf3 Bf6 7.
c3 Ne7 8. Nbd2 Ng6 9. Bg3 Qe7 10. Qc2 O-O 11. Nc4 Rd8 12. a4 b6 13. h4 Bg4 14. h5 Bxf3 15. gxf3 Ne5 16. Nxe5 Bxe5 17. f4 Bf6 18. Kf2 a6 19. Bh3 g6 20. hxg6 hxg6 21.
Bg4 Nd7 22. Rh3 Re8 23. Bf3 Bg7 24. Re1 b5 25. axb5 axb5 26. Re2 b4 27. Kg2 bxc3 28. bxc3 Ra3 29. e5 dxe5 30. f5 Qg5 31. fxg6 fxg6 32. d6 e4 33. Rxe4 Rxe4 34. Qxe4 Ra2+ 35. Be2 Be5 36.
Qd5+ Kg7 37. Qxa2 Bxd6 38. Qe6 1-0

[Event "*** Titled Tuesday Blitz"]
[Site "Chess.com"]
[Date "2020.05.12"]
[Round "10"]
[White "Durarbayli"]
[Black "SaySpade4VIP"]
[Result "1-0"]
[WhiteElo "2800"]
[BlackElo "2673"]
[TimeControl "180+1"]
[EndTime "11:52:01 PDT"]
[Termination "Durarbayli won by resignation"]

1. e4 c6 2. Nc3 d5 3. Nf3 dxe4 4. Nxe4 Nf6 5. Qe2 Nxe4 6. Qxe4 Qa5 7. Qf4 Qf5 8. Qe3 Nd7 9. Bd3 Qh5 10. b3 Nf6 11. Bb2 Nd5 12. Qe4 Bg4 13. Ne5 Be6 14. h4 f5 15. Qd4 Qh6 16. O-O-O Qf4 17. Rde1 Qxd4 18. Bxd4 Nf4 19. Bf1 Bd5 20. f3 Rg8 21.
h5 a5 22. Be3 g5 23. g3 Ne6 24.
c4 f4 25. gxf4 gxf4 26. Bf2 1-0

[Event "*** Titled Tuesday Blitz"]
[Site "Chess.com"]
[Date "2020.05.12"]
[Round "10"]
[White "Niclox"]
[Black "VladDobrov"]
[Result "0-1"]
[WhiteElo "2607"]
[BlackElo "2764"]
[TimeControl "180+1"]
[EndTime "11:52:02 PDT"]
[Termination "VladDobrov won by resignation"]

1. e4 c5 2. Nf3 Nc6 3. Bb5 d6 4. Bxc6+ bxc6 5. e5 f6 6. exd6 e5 7. O-O Bxd6 8. Nc3 Ne7 9. b3 O-O 10. Ba3 f5 11. d3 Ng6 12. Na4 e4 13. Nd2 Qh4 14. g3 Qh3 15. f4 exf3 16. Qxf3 f4 17. gxf4 Qh6 18. Qxc6 Nxf4 19. Nc3 Ne2+ 0-1

[Event "*** Titled Tuesday Blitz"]
[Site "Chess.com"]
[Date "2020.05.12"]
[Round "10"]
[White "ChessQueen"]
[Black "MariaFominykh"]
[Result "1-0"]
[WhiteElo "2597"]
[BlackElo "2329"]
[TimeControl "180+1"]
[EndTime "11:52:02 PDT"]
[Termination "ChessQueen won by resignation"]

1. Nf3 Nf6 2. g3 g6 3. Bg2 Bg7 4. O-O O-O 5. d4 d6 6. c4 Nc6 7. Nc3 Bd7 8. h3 a6 9. d5 Na5 10. Qd3 c5 11. Rd1 Rb8 12. e4 Ne8 13. Bf4 b5 14. cxb5 axb5 15. e5 b4 16. Ne4 Bb5 17. Qc2 Nc4 18. exd6 exd6 19. Rab1 Ra8 20. Bf1 Ne5 21. Bxe5 Bxf1 22. Bxg7 Nxg7 23. Kxf1 Rxa2 24. Qd2 f6 25. Qf4 Ra6 26. Nfd2 Nf5 27. Nc4 Qd7 28.
g4 Qb5 29. gxf5 Qxc4+ 30. Kg2 g5 31. Nxf6+ 1-0

[Event "*** Titled Tuesday Blitz"]
[Site "Chess.com"]
[Date "2020.05.12"]
[Round "10"]
[White "DLR7"]
[Black "Shubinkirill2003"]
[Result "0-1"]
[WhiteElo "2705"]
[BlackElo "2605"]
[TimeControl "180+1"]
[EndTime "11:52:04 PDT"]
[Termination "Shubinkirill2003 won by resignation"]

1. e4 e6 2. d4 d5 3. Bd3 c5 4.
exd5 exd5 5. Nf3 c4 6. Be2 Nf6 7. O-O Bd6 8. b3 cxb3 9. axb3 O-O 10. c4 Nc6 11. Nc3 Bb4 12. Bb2 Bg4 13. h3 Bh5 14. c5 Ba5 15. Nb5 Bc7 16. Nxc7 Qxc7 17. Ne5 Bxe2 18.
Qxe2 Nxe5 19. dxe5 Ne4 20. b4 a5 21. bxa5 Rxa5 22.
Rxa5 Qxa5 23. Rc1 Nxc5 24. Qe3 Ne6 25. f4 Qb4 26. Ba3 Qxf4 27. Qxf4 Nxf4 28. Rc7 Rd8 29. Rxb7 d4 30. Bd6 d3 31. Kf2 d2 32. Rb1 f6 33.
Ke3 fxe5 34. Bxe5 Ng6 0-1

[Event "*** Titled Tuesday Blitz"]
[Site "Chess.com"]
[Date "2020.05.12"]
[Round "10"]
[White "petrkostenko"]
[Black "Camels1981"]
[Result "1-0"]
[WhiteElo "2487"]
[BlackElo "2324"]
[TimeControl "180+1"]
[EndTime "11:52:04 PDT"]
[Termination "petrkostenko won by resignation"]

1. e4 c5 2. Nf3 d6 3. Bb5+ Bd7 4.
Bxd7+ Qxd7 5. O-O g6 6. c3 Bg7 7. d4 cxd4 8. cxd4 Nf6 9. Nc3 O-O 10. h3 Nc6 11. e5 Ne8 12. Qe2 dxe5 13. dxe5 Nc7 14.
Qe4 Rad8 15. Re1 Nd4 16. Nxd4 Qxd4 17. Bg5 Qxe4 18. Rxe4 Rfe8 19. Be3 Ne6 20. Bxa7 Rd2 21. Rb1 Red8 22. Be3 Rc2 23. Kf1 Ra8 24. a3 Nd8 25.
Ke1 Nc6 26. Kd1 Rxc3 27. bxc3 Rxa3 28. f4 Rxc3 29. Rxb7 e6 30. Rc7 Bf8 31. Bd2 Rc5 32. Ra4 h5 33. Ra8 Kg7 34. Rac8 Rd5 35. Rxc6 Bb4 36.
Rc2 Rd4 37. R8c4 1-0

[Event "*** Titled Tuesday Blitz"]
[Site "Chess.com"]
[Date "2020.05.12"]
[Round "10"]
[White "Nikithebest"]
[Black "aNaartjieZA"]
[Result "0-1"]
[WhiteElo "2388"]
[BlackElo "2585"]
[TimeControl "180+1"]
[EndTime "11:52:04 PDT"]
[Termination "aNaartjieZA won by checkmate"]

1. e4 e6 2. Qe2 c5 3. Nf3 Nc6 4. c3 Nf6 5. g3 d5 6. e5 Nd7 7. Bg2 Qc7 8. d4 b6 9. O-O a5 10. Rd1 Ba6 11. Qc2 h6 12. h4 Be7 13. Bf4 Rc8 14. Qd2 a4 15. b3 Na5 16. dxc5 axb3 17. cxb6 Nxb6 18. Nd4 Nac4 19. axb3 Nxd2 20. Bxd2 Bd3 21.
Na3 Bxa3 22. Rxa3 Ra8 23. Rda1 Rxa3 24. Rxa3 O-O 25. f4 Ra8 26. Rxa8+ Nxa8 27. Kf2 Qa7 28. Ke3 Bg6 29. g4 Nc7 30. Bf1 Qa1 31. Be2 Qg1+ 32.
Kf3 Be4# 0-1

[Event "*** Titled Tuesday Blitz"]
[Site "Chess.com"]
[Date "2020.05.12"]
[Round "10"]
[White "Kostya26"]
[Black "Kensei26"]
[Result "1-0"]
[WhiteElo "2399"]
[BlackElo "2237"]
[TimeControl "180+1"]
[EndTime "11:52:05 PDT"]
[Termination "Kostya26 won by resignation"]

1. e4 d6 2. d4 Nf6 3. Nc3 g6 4. Nf3 Bg7 5. Bg5 O-O 6. Bc4 Nxe4 7. Nxe4 d5 8. Bd3 dxe4 9. Bxe4 c5 10. c3 cxd4 11.
Nxd4 Qa5 12. Be3 Rd8 13. O-O e5 14. Nb3 Rxd1 15. Nxa5 Rxa1 16. Rxa1 Nc6 17. Nxc6 bxc6 18. Bxc6 Rb8 19. b3 e4 20. Rd1 Bg4 21. Rc1 f5 22. Bxa7 Rd8 23. Be3 Kh8 24. h3 Be2 25.
c4 Be5 26. Bd5 f4 27. Bb6 Rb8 28. Ba5 Re8 29. Bxe4 Bb2 30. Rc2 Rxe4 31. Rxb2 f3 32. gxf3 Bxf3 33. Kh2 h5 34. Kg3 Be2 35. Bc3+ Kh7 36.
f3 h4+ 37. Kf2 Bxf3 38. Kxf3 1-0

[Event "*** Titled Tuesday Blitz"]
[Site "Chess.com"]
[Date "2020.05.12"]
[Round "10"]
[White "HrvojeZagreb"]
[Black "Kislov_Oleg"]
[Result "1-0"]
[WhiteElo "2202"]
[BlackElo "2320"]
[TimeControl "180+1"]
[EndTime "11:52:07 PDT"]
[Termination "HrvojeZagreb won by resignation"]

1. d4 Nf6 2. Bf4 d5 3. e3 Bf5 4.
c4 c6 5. Qb3 Qb6 6. c5 Qxb3 7.
axb3 Nbd7 8. Nd2 a6 9. b4 Rc8 10. Nb3 Nh5 11. Bg5 f6 12. Bh4 g5 13. Be2 Ng7 14. Bg3 e5 15. h4 g4 16. h5 Ne6 17.
Kd2 Bh6 18. Bd3 Ng7 19. Ne2 O-O 20. Rh4 Be6 21. Na5 Rc7 22. dxe5 fxe5 23. Nd4 Bf7 24. Nf5 Nxf5 25. Bxf5 Nf6 26. Bxe5 Bg7 27. Bxc7 1-0

[Event "*** Titled Tuesday Blitz"]
[Site "Chess.com"]
[Date "2020.05.12"]
[Round "10"]
[White "TrenerChos"]
[Black "maurito96"]
[Result "1-0"]
[WhiteElo "2389"]
[BlackElo "2215"]
[TimeControl "180+1"]
[EndTime "11:52:10 PDT"]
[Termination "TrenerChos won by resignation"]

1. e4 c5 2. Nf3 e6 3. c4 Nc6 4.
Be2 e5 5. O-O d6 6. Nc3 g6 7. Nd5 Bg7 8. d3 Nge7 9. Bg5 h6 10. Bf6 O-O 11. Qd2 Bg4 12. Nxe7+ Nxe7 13. Bxe7 Qxe7 14. Ne1 Be6 15. b4 b6 16. a4 f5 17. Bf3 Rab8 18. b5 Kh7 19. exf5 gxf5 20. Bc6 Rg8 21. a5 Bf6 22. axb6 axb6 23. Ra6 Qg7 24.
Qe2 Qg5 25. g3 Rg7 26. Ng2 f4 27. Be4+ Bf5 28. Rfa1 fxg3 29. hxg3 Kh8 30. Ra8 Rgg8 31. Rxb8 Rxb8 32. Bxf5 Qxf5 33. Qe4 Qxe4 34. dxe4 Kg7 35. Ne3 Bg5 36. Ra7+ Kg6 37. Nd5 1-0

[Event "*** Titled Tuesday Blitz"]
[Site "Chess.com"]
[Date "2020.05.12"]
[Round "10"]
[White "Shivagami"]
[Black "JozefKneht"]
[Result "0-1"]
[WhiteElo "2208"]
[BlackElo "2359"]
[TimeControl "180+1"]
[EndTime "11:52:13 PDT"]
[Termination "JozefKneht won by checkmate"]

1. e4 e5 2. Nc3 Nf6 3. Bc4 Nc6 4.
d3 Na5 5. Bb3 Nxb3 6. axb3 Bc5 7. Be3 Bxe3 8. fxe3 O-O 9. Nf3 d6 10. O-O a6 11. Qe1 Bd7 12. Nh4 Nxe4 13. Nxe4 f5 14. Nc3 g5 15. Nf3 g4 16. Nd2 Qg5 17.
d4 Rae8 18. Qf2 Bc6 19. d5 Bd7 20. Ne2 Rf6 21. Ne4 Qg6 22. Nxf6+ Qxf6 23. Ng3 Rf8 24. c4 Qg5 25. b4 h5 26. Ne2 h4 27. b5 axb5 28.
cxb5 Bxb5 29. Ra7 Ba6 30. b4 f4 31. exf4 exf4 32. b5 Bxb5 33. Rxb7 Ba6 34. Rxc7 f3 35. Nd4 Qxd5 36. Qe3 Bxf1 37. Qe7 Qxd4+ 38. Kh1 fxg2# 0-1

[Event "*** Titled Tuesday Blitz"]
[Site "Chess.com"]
[Date "2020.05.12"]
[Round "10"]
[White "Chessmatus"]
[Black "isla88"]
[Result "0-1"]
[WhiteElo "2466"]
[BlackElo "2333"]
[TimeControl "180+1"]
[EndTime "11:52:14 PDT"]
[Termination "isla88 won by resignation"]

1. e4 c5 2. Nf3 Nc6 3. d4 cxd4 4. Nxd4 e5 5. Nb5 d6 6. N1c3 a6 7. Na3 Be7 8. Be3 b5 9. Nd5 Rb8 10. Nxe7 Ncxe7 11. c3 Nf6 12. Bd3 Bb7 13. f3 d5 14.
exd5 Nexd5 15. Bg5 Qb6 16. Qe2 O-O 17. Nc2 h6 18. Bxf6 Nf4 19. Qf1 Qxf6 20. O-O-O Bd5 21.
Nb4 Qe6 22. Bb1 Bc4 23. Qe1 a5 24. g3 Ne2+ 0-1

[Event "*** Titled Tuesday Blitz"]
[Site "Chess.com"]
[Date "2020.05.12"]
[Round "10"]
[White "djano"]
[Black "AndrewDGreen"]
[Result "1-0"]
[WhiteElo "2450"]
[BlackElo "2301"]
[TimeControl "180+1"]
[EndTime "11:52:14 PDT"]
[Termination "djano won by resignation"]

1. d4 Nf6 2. Bf4 g6 3. Nc3 d5 4. Nf3 Bg7 5. Qd2 O-O 6. Bh6 Ne4 7. Nxe4 dxe4 8. Bxg7 Kxg7 9. Ne5 Nd7 10. f4 Nxe5 11.
fxe5 f6 12. exf6+ exf6 13. e3 Be6 14. Be2 Qd6 15. O-O Rad8 16. Rf4 f5 17. c4 g5 18. Rff1 Bg8 19. Qc3 c5 20. dxc5+ Qf6 21. Qxf6+ Kxf6 22. Rad1 Ke5 23. b4 Be6 24. g3 Rxd1 25. Rxd1 f4 26. exf4+ gxf4 27. gxf4+ Rxf4 28. b5 e3 29. c6 bxc6 30.
bxc6 Rf2 31. Bf1 e2 32. Bxe2 Rxe2 33. c7 Rc2 34. Re1+ Kd6 35. Rxe6+ Kxe6 36. c8=Q+ 1-0